 Seeded DCSS version 0.28.0-62-gf88900778d (webtiles) character file.

Game seed: 13591998346360536447 (custom seed)

60 tkbsonic5 the Poker (level 4, -4/37 HPs)
             Began as a Merfolk Fighter on Mar 19, 2023.
             Killed from afar by Natasha (11 damage)
             ... with a puff of flame
             ... on level 2 of the Dungeon.
             The game lasted 00:05:14 (1258 turns).

tkbsonic5 the Poker (Merfolk Fighter)               Turns: 1258, Time: 00:05:15

Health: -4/37      AC:  6    Str: 18    XL:     4   Next: 6%
Magic:  4/4        EV:  9    Int:  7    God:
Gold:   75         SH:  4    Dex: 13    Spells: 3/3 levels left

rFire   . . .      SeeInvis .   a - +0 trident
rCold   . . .      Faith    .   c - +0 buckler
rNeg    . . .      Spirit   .   b - +0 scale mail
rPois   .          Reflect  .   (no helmet)
rElec   .          Harm     .   (no cloak)
rCorr   .          Rampage  .   (no gloves)
Will    .....                   (no boots)
Stlth   ..........              (no amulet)
HPRegen 0.12/turn               (no ring)
MPRegen 0.09/turn               (no ring)

@: mighty, hasted, very quick
A: (nimble swimmer 2), mertail
a: no special abilities


You were on level 2 of the Dungeon.
You visited 1 branch of the dungeon, and saw 2 of its levels.

You collected 75 gold pieces.

Inventory:

Hand Weapons
 a - a +0 trident (weapon)
 m - a +2 spear of venom
Missiles
 h - 3 poisoned darts (quivered)
Armour
 b - a +0 scale mail (worn)
 c - a +0 buckler (worn)
Jewellery
 k - a ring of resist corrosion
 l - a ring of protection from fire
Scrolls
 e - 2 scrolls of acquirement
 f - 2 scrolls of teleportation {unknown}
 i - 3 scrolls of identify {unknown}
 j - a scroll of vulnerability {unknown}


   Skills:
 * Level 4.0 Fighting
 * Level 4.3 Polearms
 - Level 2.1 Armour
 + Level 1.6 Dodging
 + Level 3.3 Shields


You had 3 spell levels left.
You didn't know any spells.
Your spell library contained the following spells:

 Spells                   Type           Power      Damage    Failure   Level
 Static Discharge         Conj/Air       0%         N/A       96%         2
 Dispel Undead            Necr           0%         3d6       100%        4
 Sticky Flame             Conj/Fire      0%         2d3       100%        4


Dungeon Overview and Level Annotations

Branches:
Dungeon (2/15)

Altars:

Annotations:
D:2 Natasha


Innate Abilities, Weirdness & Mutations

((You are very nimble when in or above water. (Stealth+, EV+, Speed+++)))
Your lower body shifts to a powerful aquatic tail in water.


Message History

You hit the kobold but do no damage. The kobold completely misses you.
You hit the kobold.
You kill the kobold!
No target in view!
No target in view!
No target in view!
No target in view!
No target in view!
No target in view!
Found a faded altar of an unknown god.
There is a stone staircase leading down, spattered with blood here.
Things that are here:
a +0 club; 3 stones; a hobgoblin corpse You now have 75 gold pieces (gained 15).
Things that are here:
a +0 club; 12 stones; a goblin corpse
h - 2 poisoned darts
h - 3 poisoned darts (gained 1)
There is a faded altar of an unknown god here.
A quokka comes into view.
A quokka is nearby!
Found a stone staircase leading up.
No target in view!
Natasha, Servant of Life and Death comes into view.
She is carrying a wand of flame (21).
Natasha hisses angrily.
You reach to attack!
You puncture the quokka!
You kill the quokka!
Natasha zaps a wand.
The puff of flame hits you!
Natasha zaps a wand.
The puff of flame hits you!
You are too injured to fight recklessly!
You aren't carrying any items that you can evoke.
This is a scroll of acquirement!
Something appears at your feet!
m - a +2 spear of venom Natasha zaps a wand.
The puff of flame hits you!
* * * LOW HITPOINT WARNING * * *
You feel very mighty all of a sudden.
It was a potion of haste.
You feel yourself speed up.
Natasha zaps a wand.
The puff of flame hits you!
You die...

###.#.# #..##.# #.
.##.#.###########.###..##.#
#.
.##.................#..##.#
#. .
#.)...............#..##†#
#†
.##†.#####..###.....#..##.#
#.
.#.>...###.............##.#
#.
#..#..#...##.#..h...#..##.#
#.
.#...#..⌠.8####.†.###..##.#
#.
.##..#.⌠..######@......##.#
#†
.##..#...#_#8#....##...##.#
#. .##.#.#8#∩#...#.........
.######.
.##....###..⌠.#........
........
.########8.⌠..#.##..<...
.####### ## ##...#.##
##...# ####### #.###.##
...# ....[.. ## .# .##
####### .# #


You could see Natasha.

Vanquished Creatures
  An adder (D:2)
  4 dart slugs
  2 bats
  3 endoplasms
  A giant cockroach (D:2)
  6 hobgoblins
  5 jackals
  7 kobolds
  A quokka (D:2)
  A ball python (D:1)
  A frilled lizard (D:2)
  2 goblins
  7 rats
41 creatures vanquished.

Notes
Turn   | Place    | Note
-------+----------+-------------------------------------------
     0 | D:1      | tkbsonic5 the Merfolk Fighter began the quest for the Orb.
     0 | D:1      | Reached XP level 1. HP: 18/18 MP: 1/1
   121 | D:1      | Reached XP level 2. HP: 24/24 MP: 2/2
   205 | D:1      | Reached skill level 1 in Dodging
   408 | D:1      | Reached XP level 3. HP: 30/30 MP: 3/3
  1215 | D:2      | Reached XP level 4. HP: 37/37 MP: 4/4
  1227 | D:2      | Found a faded altar of an unknown god.
  1252 | D:2      | Noticed Natasha
  1255 | D:2      | Identified 3 scrolls of acquirement
  1255 | D:2      | Acquired a +2 spear of venom
  1258 | D:2      | Killed from afar by Natasha

Illustrated notes

Levels and vault maps discovered:
D:1:      wander_arrival_fairy_ring, layout_basic, chequers_serial_rivers_room_a
D:2:      layout_loops_ring, shapermc_ecumenical_altar_venn, uniq_natasha

Skill      XL: |  1  2  3 |
---------------+----------+-----
Dodging        | 1 |  1.6
Polearms       | 4 |  4.3
Fighting       | 4 |  4.0
Armour         | |  2.1
Shields        | |  3.3

Action                   |  1- 3 |  4- 6 || total
-------------------------+-------+-------++-------
Melee: Trident           |    92 |     9 ||   101
Throw: Dart              |    18 |       ||    18
  Use: Potion            |       |     2 ||     2
       Scroll            |       |     1 ||     1
Armor: Scale mail        |    31 |     7 ||    38
Dodge: Dodged            |    35 |     3 ||    38
Block: Buckler           |    15 |       ||    15
